 Dungeon Crawl Stone Soup version 0.30-a0-800-g7c544603b3 (webtiles) character file.

Game seed: 4495812789851518647

502 dialectric the Covert (level 7, -4/45 HPs)
             Began as an Octopode Brigand on Feb 21, 2023.
             Was a Believer of Nemelex Xobeh.
             Slain by a gnoll sergeant
             ... wielding a +0 spear
              (7 damage)
             ... on level 5 of the Dungeon.
             The game lasted 00:04:45 (2949 turns).

dialectric the Covert (Octopode Brigand)            Turns: 2949, Time: 00:04:46

Health: -4/45      AC:  1    Str: 11    XL:     7   Next: 17%
Magic:  7/7        EV: 13    Int: 13    God:    Nemelex Xobeh [**....]
Gold:   221        SH:  0    Dex: 15    Spells: 6/6 levels left

rFire   . . .      SeeInvis .    a - +2 dagger
rCold   . . .      Faith    .    (no shield)
rNeg    . . .      Spirit   .    (helmet restricted)
rPois   .          Reflect  .    (no amulet)
rElec   .          Harm     .    (no ring)
rCorr   .          Rampage  .    (no ring)
Will    .....                    (no ring)
Stlth   +++++                    (no ring)
HPRegen 0.27/turn                (no ring)
MPRegen 0.10/turn                (no ring)
                                 (no ring)
                                 (no ring)

@: no status effects
A: almost no armour, amphibious, 8 rings, camouflage 1, gelatinous body 1,
(nimble swimmer 1), tentacles
a: Renounce Religion, Draw Escape, Draw Destruction, Draw Summoning


You were on level 5 of the Dungeon.
You worshipped Nemelex Xobeh.
Nemelex Xobeh was pleased with you.
You visited 1 branch of the dungeon, and saw 5 of its levels.

You collected 221 gold pieces.

Inventory:

Hand Weapons
 a - a +2 dagger (weapon)
 g - a +0 dagger of pain
Missiles
 b - 13 poisoned darts (quivered)
 c - 3 curare-tipped darts
Armour
 q - a scarf of repulsion
Wands
 p - a wand of charming (13)
Scrolls
 d - a scroll of fog {unknown}
 e - 2 scrolls of identify
 h - a scroll of enchant armour {unknown}
 k - 2 scrolls of noise {unknown}
 m - 5 scrolls of poison {unknown}
 r - 5 scrolls of teleportation {unknown}
 t - a scroll of immolation {unknown}
Potions
 i - a potion of brilliance {unknown}
 j - a potion of experience {unknown}
 l - a potion of attraction
 n - a potion of invisibility {unknown}
 o - a potion of flight
 s - a potion of heal wounds
 u - a potion of berserk rage {unknown}


   Skills:
 + Level 2.5 Fighting
 * Level 3.5 Short Blades
 - Level 2.0 Throwing
 * Level 2.4 Dodging
 * Level 10.1 Stealth


You had 6 spell levels left.
You didn't know any spells.
Your spell library was empty.

Dungeon Overview and Level Annotations

Branches:
Dungeon (5/15)
 Temple: D:4-7

Altars:
Kikubaaqudgha
Nemelex Xobeh
Ru
Sif Muna
Xom
Yredelemnul

Annotations:
D:2 Robin


Innate Abilities, Weirdness & Mutations

You cannot wear most types of armour.
You are amphibious.
You can wear up to eight rings at the same time.
Your skin changes colour to match your surroundings (Stealth+).
Your rubbery body absorbs attacks. (AC +1, EV +1)
((You are camouflaged when in or above water. (Stealth+)))
You have tentacles for arms and can constrict up to eight enemies at once.


Message History

As you read the scroll labelled NUHAEN POUGH, it crumbles to dust.
It is a scroll of identify.
l - a potion of attraction Unknown command.
HP restored.
An iguana comes into view.
The iguana moves out of view.
No target in view!
An iguana is nearby!
A gnoll comes into view. It is wielding a +0 whip.
The iguana hisses angrily.
You hear a shout!
A gnoll comes into view. It is wielding a +0 flail.
A gnoll sergeant comes into view. It is wielding a +0 spear.
The gnoll shouts!
Found a book of Vapours.
You hear a shout!
A phantom comes into view.
Aiming: Charm
Press: ? - help, Shift-Dir - straight line, f - iguana
Aim: an iguana (chance to affect: 57%)
The iguana is charmed.
Unknown command.
You swap places.
The gnoll sergeant hits you with a +0 spear!
You swap places.
The gnoll sergeant closely misses you. The gnoll sergeant barely misses you.
The gnoll sergeant hits you from afar with a +0 spear.
The gnoll sergeant closely misses you.
The gnoll sergeant hits you from afar with a +0 spear!
Throw: 13 darts (poison)
Press: ? - help, Q - select action, (/) - cycle Shift-Dir - straight line, f - gnoll sergeant, p - iguana
Aim: a gnoll sergeant, wielding a +0 spear and wearing a +0 scale mail (68% to hit)
Really fire in your iguana's direction?
Okay, then.
You swap places.
The gnoll sergeant hits you with a +0 spear!
* * * LOW HITPOINT WARNING * * *
The gnoll sergeant hits you from afar with a +0 spear!
You die...
Your body glows slightly and disappears.

.# #..#.....## ..
#.......... #.
#..######.. #.# ##.g#
#..## ##.# #..# #g####
########.####....##
.....>.....####g.###
.###..##.##..<@.l...#
..........).........#
####..#.................
##...............####
########........#
#........# ##########


You could see a gnoll sergeant and a friendly iguana (charmed).

Vanquished Creatures
  Grinder (D:4)
  A water moccasin (D:3)
  2 orc wizards (D:4)
  4 gnolls (D:2)
  4 adders
  A shadow imp (D:5)
  An ufetubus (D:5)
  2 dart slugs
  3 orcs
  A bat zombie (D:3)
  2 endoplasms
  4 giant cockroaches
  11 goblins
  8 hobgoblins
  7 jackals
  5 quokkas
  7 ball pythons
  4 bats
  6 frilled lizards
  6 kobolds
  5 rats
85 creatures vanquished.

Notes
Turn   | Place    | Note
-------+----------+-------------------------------------------
     0 | D:1      | dialectric the Octopode Brigand began the quest for the
                  | Orb.
     0 | D:1      | Reached XP level 1. HP: 14/14 MP: 1/1
    74 | D:1      | Reached XP level 2. HP: 9/19 MP: 2/2
    78 | D:1      | Reached skill level 6 in Stealth
   439 | D:1      | Reached XP level 3. HP: 13/24 MP: 3/3
   666 | D:1      | Found a faded altar of an unknown god.
   674 | D:1      | Prayed at the altar of an unknown god.
   674 | D:1      | Became a worshipper of Nemelex Xobeh the Trickster
   674 | D:1      | Reached * piety under Nemelex Xobeh
   889 | D:2      | Reached skill level 7 in Stealth
   912 | D:2      | Reached XP level 4. HP: 25/29 MP: 4/4
  1224 | D:3      | Received a gift from Nemelex Xobeh
  1378 | D:3      | Received a gift from Nemelex Xobeh
  1399 | D:3      | Found a shimmering blue altar of Sif Muna.
  1420 | D:3      | Reached ** piety under Nemelex Xobeh
  1453 | D:3      | Noticed a water moccasin
  1458 | D:3      | Killed a water moccasin
  1459 | D:3      | Reached skill level 8 in Stealth
  1459 | D:3      | Reached XP level 5. HP: 34/34 MP: 5/5
  1584 | D:2      | Reached skill level 9 in Stealth
  1584 | D:2      | Reached XP level 6. HP: 19/39 MP: 6/6
  1695 | D:2      | Noticed Robin
  1790 | D:3      | Found a shimmering altar of Xom.
  1867 | D:3      | Found an ancient bone altar of Kikubaaqudgha.
  2003 | D:4      | Found a basalt altar of Yredelemnul.
  2164 | D:4      | Found a sacrificial altar of Ru.
  2220 | D:4      | Noticed Grinder
  2224 | D:4      | Paralysed by Grinder for 4 turns
  2242 | D:4      | Killed Grinder
  2243 | D:4      | Reached XP level 7. HP: 14/45 MP: 7/7
  2359 | D:4      | Received a gift from Nemelex Xobeh
  2640 | D:5      | Entered Level 5 of the Dungeon
  2683 | D:4      | HP: 1/45 [something (5)]
  2688 | D:4      | Reached skill level 10 in Stealth
  2949 | D:5      | Slain by a gnoll sergeant

Illustrated notes

Levels and vault maps discovered:
D:1:      spicycebolla_green_bress_n_ham, layout_basic,
          hellmonk_ecumenical_altar_crossroads, minmay_tromino_i2
D:2:      layout_rooms, uniq_robin
D:3:      layout_rooms, lemuel_doored_altar, lemuel_zombie_altar_kikubaaqudgha,
          general_overflow_altar
D:4:      layout_basic, marbit_many_paths, nicolae_overflow_crystal_walls,
          minmay_misc_feat_secret_circle, kennysheep_big_empty_room,
          uniq_grinder
D:5:      layout_rooms, minmay_temple_entry_proselytizer

Skill      XL: |  1  2  3  4  5  6  7 |
---------------+----------------------+-----
Stealth        | 6 7 8 9 10 | 10.1
Dodging        | 2 |  2.4
Short Blades   | 3 |  3.5
Fighting       | |  2.5
Throwing       | |  2.0

Action                     |  1- 3 |  4- 6 |  7- 9 || total
---------------------------+-------+-------+-------++-------
  Melee: Dagger            |    65 |    78 |    29 ||   172
         Constrict         |    14 |    15 |     7 ||    36
         Tentacles         |    10 |    16 |     6 ||    32
         Punch             |     1 |     2 |       ||     3
  Throw: Dart              |       |     4 |       ||     4
         Throwing net      |       |     2 |       ||     2
 Invoke: Draw Summoning    |       |     1 |       ||     1
  Evoke: Wand              |       |       |     1 ||     1
    Use: Potion            |       |     2 |     4 ||     6
         Scroll            |       |       |     1 ||     1
   Stab: Sleeping          |     9 |    19 |       ||    28
         Distracted        |       |     1 |       ||     1
 Armour: Skin              |     2 |     8 |     4 ||    14
  Dodge: Dodged            |    58 |    35 |    28 ||   121

Table legend: (Time is in decaauts)
 A = Elapsed time spent in this place.
 B = Non-inter-level travel time spent in this place.
 C = Inter-level travel time spent in this place.
 D = Time resting spent in this place.
 E = Time spent auto-exploring this place.
 F = Levels seen in this place.
 G = Mean time per level.
                   A        B        C        D        E       F      G
               +--------+--------+--------+--------+--------+-----+--------+
         Total |   2928 |   2902 |     26 |    527 |   1628 |   5 |  585.6 |
       Dungeon |   2928 |   2902 |     26 |    527 |   1628 |   5 |  585.6 |
               +--------+--------+--------+--------+--------+-----+--------+

Top non-repeatable levels by time:
     D:4: 899 daAuts
     D:1: 824 daAuts
     D:2: 636 daAuts
     D:3: 483 daAuts
     D:5: 83 daAuts
